 Dungeon Crawl Stone Soup version 0.27-a0-1431-gcffa5a9b16 (webtiles) character file.

Game seed: 9771849327021644298

33 mandarbmax the Gusty (level 3, 0/19 HPs)
             Began as a Tengu Air Elementalist on July 2, 2021.
             Killed from afar by Sigmund (9 damage)
             ... with a magic dart
             ... on level 2 of the Dungeon.
             The game lasted 00:03:19 (1394 turns).

mandarbmax the Gusty (Tengu Air Elementalist)       Turns: 1394, Time: 00:03:19

Health: 0/19       AC:  2    Str:  8    XL:     3   Next: 29%
Magic:  2/7        EV: 12    Int: 16    God:
Gold:   15         SH:  0    Dex: 14    Spells: 0/6 levels left

rFire    . . .     SeeInvis .   f - +0 long sword
rCold    . . .     Faith    .   (no shield)
rNeg     . . .     Spirit   .   a - +0 robe
rPois    .         Reflect  .   (helmet restricted)
rElec    .         Harm     .   (no cloak)
rCorr    .         Rampage  .   (no gloves)
Will     +....                  (boots unavailable)
Stlth    ++........             (no amulet)
HPRegen  0.06/turn              c - ring of willpower
MPRegen  0.10/turn              (no ring)

@: no status effects
A: beak, talons 3
a: no special abilities


You were on level 2 of the Dungeon.
You visited 1 branch of the dungeon, and saw 2 of its levels.

You collected 15 gold pieces.

Inventory:

Hand Weapons
 b - a +2 whip of pain
 f - a +0 long sword (weapon)
Armour
 a - a +0 robe (worn)
Jewellery
 c - a ring of willpower (left hand)
 g - a ring of positive energy
Scrolls
 d - a scroll of vulnerability {unknown}
 e - a scroll of identify {unknown}


   Skills:
 + Level 2.2 Dodging
 - Level 2.0 Stealth
 - Level 2.0 Spellcasting
 + Level 4.0 Conjurations
 + Level 4.1 Air Magic


You couldn't memorise any spells.
You knew the following spells:

 Your Spells              Type           Power      Damage    Failure   Level
a - Shock                 Conj/Air       56%        1d6       3%          1
b - Static Discharge      Conj/Air       14%        N/A       6%          2
c - Swiftness             Air            14%        N/A       12%         3

Your spell library contained the following spells:

 Spells                   Type           Power      Damage    Failure   Level
 Airstrike                Air            7%         N/A       36%         4
 Lightning Bolt           Conj/Air       7%         1d19      71%         5
 Summon Ice Beast         Ice/Summ       1%         N/A       90%         4
 Summon Mana Viper        Hex/Summ       1%         N/A       99%         5
 Monstrous Menagerie      Summ           0%         N/A       100%        7


Dungeon Overview and Level Annotations

Branches:
Dungeon (2/15)

Altars:

Annotations:
D:2 Sigmund


Innate Abilities, Weirdness & Mutations

You have a beak for a mouth.
You have claws for feet.


Message History

Casting: Shock (safe; 3% risk of failure)
Confirm with . or Enter, or press ? or * to list all spells.
Aiming: Shock (safe; 3% risk of failure)
Press: ? - help, Shift-Dir - straight line The zap hits Sigmund but does no damage.
Sigmund is severely wounded.
The zap misses Sigmund.
Sigmund closely misses you.
Unknown command.
Unknown command.
Casting: Shock (safe; 3% risk of failure)
Confirm with . or Enter, or press ? or * to list all spells.
Aiming: Shock (safe; 3% risk of failure)
Press: ? - help, Shift-Dir - straight line The zap hits Sigmund.
Sigmund is severely wounded.
The zap hits Sigmund.
Sigmund is almost dead.
Sigmund closely misses you.
Unknown command.
Casting: Shock (safe; 3% risk of failure)
Confirm with . or Enter, or press ? or * to list all spells.
Aiming: Shock (safe; 3% risk of failure)
Press: ? - help, Shift-Dir - straight line The zap hits Sigmund.
Sigmund is almost dead.
The zap misses Sigmund.
Sigmund closely misses you.
You riposte.
You closely miss Sigmund.
Sigmund is almost dead.
You aren't carrying any potions.
Sigmund mumbles some strange words.
Sigmund flickers and vanishes!
Deactivating autopickup; reactivate with Ctrl-A.
A magic dart appears from out of thin air!
The magic dart hits you!
Unknown command.
A magic dart appears from out of thin air!
The magic dart hits you.
A magic dart appears from out of thin air!
The magic dart hits you!
You die...

.. ... .# #.#
.. #)# #. #.#
#.## #.# ..#
#.#
#.###.#####
###.#.......#
#....@#.#<#.#
#.....#.#.#.#
#.....#.#.#.#
#.....#.#.#.#
#.......#.#.#
##....{.#.#.#
#......#.#.#
#......#.#.#
#........#.#


There were no monsters in sight!

Vanquished Creatures
  3 dart slugs (D:1)
  5 bats
  4 endoplasms (D:1)
  2 giant cockroaches (D:1)
  2 hobgoblins (D:1)
  2 kobolds (D:1)
  2 ball pythons (D:1)
  3 frilled lizards (D:1)
  2 rats (D:1)
25 creatures vanquished.

Notes
Turn   | Place    | Note
-------+----------+-------------------------------------------
     0 | D:1      | mandarbmax the Tengu Air Elementalist began the quest for
                  | the Orb.
     0 | D:1      | Reached XP level 1. HP: 10/10 MP: 4/4
   298 | D:1      | Reached XP level 2. HP: 15/15 MP: 1/6
   301 | D:1      | Learned a level 2 spell: Static Discharge
   825 | D:1      | Reached XP level 3. HP: 19/19 MP: 4/7
   981 | D:1      | Learned a level 3 spell: Swiftness
  1363 | D:2      | Noticed Sigmund
  1394 | D:2      | Killed from afar by Sigmund

Illustrated notes

Levels and vault maps discovered:
D:1:      lightli_arrival_maybe_door_vault, layout_loops_cross, fountainhead,
          st_stairs_14, grunt_decor_cap
D:2:      layout_basic, shapermc_ecumenical_altar_flowoftime, uniq_sigmund

Skill      XL: |  1  2  3 |
---------------+----------+-----
Conjurations   | 2 3 4 |  4.0
Dodging        | |  2.2
Stealth        | |  2.0
Spellcasting   | |  2.0
Air Magic      | |  4.1

Action                   || total
-------------------------++-------
Melee: Unarmed           ||     1
       Whip              ||     2
 Cast: Shock             ||    59
Armor: Robe              ||     2
Dodge: Dodged            ||     5
       Rpst.: Long sword ||     1

Table legend: (Time is in decaauts)
 A = Elapsed time spent in this place.
 B = Non-inter-level travel time spent in this place.
 C = Inter-level travel time spent in this place.
 D = Time resting spent in this place.
 E = Time spent auto-exploring this place.
 F = Levels seen in this place.
 G = Mean time per level.
                   A        B        C        D        E       F      G
               +--------+--------+--------+--------+--------+-----+--------+
         Total |   1393 |   1380 |     13 |    238 |    997 |   2 |  696.5 |
       Dungeon |   1393 |   1380 |     13 |    238 |    997 |   2 |  696.5 |
               +--------+--------+--------+--------+--------+-----+--------+

Top non-repeatable levels by time:
     D:1: 1308 daAuts
     D:2: 84 daAuts
